[Event "ICC Open 2015"]
[Site "Internet Chess Club"]
[Date "2015.05.30"]
[Round "10"]
[White "Aladdin"]
[Black "Ernani"]
[Result "0-1"]
[ICCResult "White checkmated"]
[WhiteElo "2364"]
[BlackElo "2651"]
[Opening "Sicilian: Pelikan, Chelyabinsk variation"]
[ECO "B33"]
[NIC "SI.37"]
[Time "20:36:41"]
[TimeControl "180+0"]

1. e4 c5 2. Nf3 Nc6 3. d4 cxd4 4. Nxd4 Nf6 5. Nc3 e5 6. Ndb5 d6 7. Bg5 a6 8.
Na3 b5 9. Nd5 Be7 10. Bxf6 Bxf6 11. c4 b4 12. Nc2 a5 13. g3 O-O 14. h4 Be6
15. Bh3 Be7 16. Kf1 Rb8 17. Kg2 Qd7 18. Qd3 Bd8 19. b3 Bb6 20. Rad1 Bc5 21.
Nce3 Nd4 22. Nf5 Bxf5 23. Bxf5 Qd8 24. Bh3 a4 25. Rhf1 Ra8 26. f4 axb3 27.
axb3 Ra2+ 28. Kh1 Qa5 29. f5 f6 30. Rd2 Rxd2 31. Qxd2 Nxb3 32. Qb2 Qa3 33.
Rb1 Nd4 34. Nxb4 Qxg3 35. Qg2 Qxg2+ 36. Bxg2 Rb8 37. Ra1 Bxb4 38. Rb1 Rb6
39. Kh2 h5 40. Kh3 Kh7 41. Ra1 Be1 42. Ra8 Rb3+ 43. Kh2 Bxh4 44. c5 dxc5 45.
Rc8 Nf3+ 46. Kh3 Bf2 47. Rc7 Ng5+ 48. Kh2 h4 49. Bf1 Bg3+ 50. Kg2 Rb2+ 51.
Kh1 Rh2+ 52. Kg1 Nf3# {White checkmated} 0-1

[Event "ICC Open 2015"]
[Site "Internet Chess Club"]
[Date "2015.05.30"]
[Round "10"]
[White "DangerousDeath"]
[Black "E4PlayerNow"]
[Result "0-1"]
[ICCResult "White forfeits on time"]
[WhiteElo "1641"]
[BlackElo "2274"]
[Opening "QGD semi-Slav: 5...Nd7"]
[ECO "D45"]
[NIC "SL.08"]
[Time "20:36:34"]
[TimeControl "180+0"]

1. d4 d5 2. c4 c6 3. Nf3 Nf6 4. Nc3 e6 5. e3 Nbd7 6. a3 Bd6 7. b4 O-O 8. Bb2
Qe7 9. Rc1 Re8 10. Qb3 a6 11. Be2 dxc4 12. Bxc4 h6 13. O-O e5 14. dxe5 Nxe5
15. Be2 Bg4 16. Nxe5 Qxe5 17. g3 Bh3 18. Rfd1 Qe7 19. Bf3 Rad8 20. Na4 Be5
21. Nc5 Bxb2 22. Qxb2 Bg4 23. Rxd8 Rxd8 24. Bg2 h5 25. h3 Bc8 26. Qe2 Qd6
27. Ne4 Nxe4 28. Bxe4 g6 29. Bf3 Bxh3 30. Rc5 Be6 31. Bxh5 gxh5 32. Kh2 Qd1
33. Qb2 Bd5 34. Rxd5 Qxd5 35. Qf6 Rd6 36. Qe7 Rd7 37. Qe8+ Kg7 38. a4 Qe6
39. Qb8 Qf6 40. Kg2 h4 41. b5 cxb5 42. axb5 axb5 43. Qc8 Qc6+ 44. Qxc6 bxc6
{White forfeits on time}
0-1

[Event "ICC Open 2015"]
[Site "Internet Chess Club"]
[Date "2015.05.30"]
[Round "10"]
[White "MasterZachary"]
[Black "nikenwidiartto"]
[Result "1-0"]
[ICCResult "Black checkmated"]
[WhiteElo "2207"]
[BlackElo "1854"]
[Opening "Scandinavian defense"]
[ECO "B01"]
[NIC "SD.03"]
[Time "20:36:18"]
[TimeControl "180+0"]

1. e4 d5 2. exd5 Nf6 3. Bb5+ Bd7 4. Be2 Bf5 5. c4 c6 6. dxc6 Nxc6 7. Nf3 e5
8. d3 Bc5 9. Nc3 Qd7 10. O-O O-O-O 11. Qa4 Kb8 12. a3 Rhe8 13. b4 Bd4 14.
Bb2 Bxc3 15. Bxc3 Nd4 16. Qd1 Nxe2+ 17. Qxe2 Bxd3 18. Qb2 Bxf1 19. Bxe5+ Ka8
20. Rxf1 Ng4 21. Bxg7 Rg8 22. h3 Qf5 23. Qc3 Qg6 24. hxg4 Rxg7 25. Ne5 Qf6
26. Re1 Rgg8 27. Qe3 Rge8 28. f4 Re6 29. Qf3 Rde8 30. Rd1 a6 31. Rd7 R6e7
32. Qxb7# {Black checkmated} 1-0

[Event "ICC Open 2015"]
[Site "Internet Chess Club"]
[Date "2015.05.30"]
[Round "10"]
[White "FytinFrank"]
[Black "harolika"]
[Result "0-1"]
[ICCResult "White checkmated"]
[WhiteElo "2049"]
[BlackElo "1975"]
[Opening "Sicilian: Grand Prix attack"]
[ECO "B23"]
[NIC "SI.44"]
[Time "20:36:29"]
[TimeControl "180+0"]

1. e4 c5 2. Nc3 Nc6 3. f4 e6 4. Nf3 a6 5. d4 cxd4 6. Nxd4 d6 7. Be3 Nf6 8.
Qf3 Qc7 9. Bd3 Be7 10. O-O-O Nd7 11. g4 Nc5 12. Kb1 b5 13. g5 Bb7 14. Rhe1
O-O-O 15. Ndxb5 axb5 16. Nxb5 Qa5 17. Bc4 Kb8 18. Bxc5 dxc5 19. f5 Ne5 20.
Qf4 f6 21. fxe6 Rxd1+ 22. Rxd1 Rd8 23. Rxd8+ Qxd8 24. a4 Qd1+ 25. Ka2 Qxc2
26. Bb3 Qxe4 27. Qg3 c4 28. Bd1 Bd5 29. Nc3 Qd4 30. gxf6 gxf6 31. Qg8+ Kb7
32. Qe8 Nc6 33. Qd7+ Ka6 34. Qc8+ Ka5 35. Qc7+ Kb4 36. Qb7+ Kc5 37. Qb5+ Kd6
38. Bg4 Ke5 39. Bf3 Nb4+ 40. Kb1 Qd3+ 41. Ka1 Qxf3 42. Nxd5 Qxd5 43. Qxd5+
Kxd5 44. Kb1 Kxe6 45. Kc1 Kd5 46. Kd2 Kd4 47. h4 Bd6 48. h5 Bf4+ 49. Ke2 f5
50. Kf3 Be5 51. h6 Nd3 52. a5 Nxb2 53. a6 Bb8 54. a7 Bxa7 55. Kf4 c3 56.
Kxf5 c2 57. Kf6 c1=Q 58. Kg7 Qg5+ 59. Kxh7 Bc5 60. Kh8 Bf8 61. Kh7 Qxh6+ 62.
Kg8 Qg7# {White checkmated} 0-1

[Event "ICC Open 2015"]
[Site "Internet Chess Club"]
[Date "2015.05.30"]
[Round "10"]
[White "Ohanessian"]
[Black "pagoda"]
[Result "0-1"]
[ICCResult "White checkmated"]
[WhiteElo "2027"]
[BlackElo "1996"]
[Opening "Pirc: Ufimtsev-Pytel variation"]
[ECO "B07"]
[NIC "PU.08"]
[Time "20:36:27"]
[TimeControl "180+0"]

1. e4 d6 2. d4 Nf6 3. Nc3 c6 4. f4 Qb6 5. Nf3 Bg4 6. Be2 Bxf3 7. Bxf3 e5 8.
fxe5 dxe5 9. dxe5 Nfd7 10. e6 fxe6 11. Qe2 e5 12. Be3 Qxb2 13. O-O Qxc3 14.
Bh5+ g6 15. Qf2 Qxe3 16. Qxe3 Bc5 17. Qxc5 Nxc5 18. Bf3 Ke7 19. Rab1 b5 20.
c4 a6 21. cxb5 axb5 22. Rfc1 Nbd7 23. Rc2 Rhc8 24. Rd2 Ra3 25. Bg4 Rca8 26.
Rc1 Rxa2 27. Rdd1 R8a4 28. Bxd7 Nxd7 29. Rxc6 Ra1 30. Rxa1 Rxa1+ 31. Kf2 b4
32. Rc7 Ra6 33. Rc1 b3 34. Rb1 Rb6 35. Ke2 b2 36. Kd2 Nf6 37. Kd3 Ke6 38. h3
h5 39. Ke3 Rb3+ 40. Kd2 Nxe4+ 41. Kc2 Rb6 42. Rxb2 Rxb2+ 43. Kxb2 Kf5 44.
Kc2 Kf4 45. Kd3 Nc5+ 46. Ke2 Kg3 47. Ke3 Kxg2 48. h4 Kh3 49. Kf3 Kxh4 50.
Kg2 Kg4 51. Kf2 e4 52. Kg2 h4 53. Kf2 e3+ 54. Kxe3 h3 55. Kf2 g5 56. Kg1 Nd3
57. Kh2 Ne5 58. Kg1 Nc4 59. Kh2 Ne3 60. Kg1 Kg3 61. Kh1 Ng4 62. Kg1 h2+ 63.
Kf1 h1=Q+ 64. Ke2 Qe4+ 65. Kd2 Kf3 66. Kc3 Ne5 67. Kd2 g4 68. Kc3 Qc4+ 69.
Kd2 Qd3+ 70. Kc1 Qe2 71. Kb1 g3 72. Kc1 g2 73. Kb1 g1=Q# {White checkmated}
0-1

[Event "ICC Open 2015"]
[Site "Internet Chess Club"]
[Date "2015.05.30"]
[Round "10"]
[White "Piranha"]
[Black "MichelRocard"]
[Result "0-1"]
[ICCResult "White resigns"]
[WhiteElo "1685"]
[BlackElo "1921"]
[Opening "Sicilian: O'Kelly variation"]
[ECO "B28"]
[NIC "SI.43"]
[Time "20:36:50"]
[TimeControl "180+0"]

1. e4 c5 2. Nf3 a6 3. c4 e6 4. Nc3 Nc6 5. d4 cxd4 6. Nxd4 Nf6 7. Be3 Bb4 8.
Bd3 Ne5 9. O-O Nfg4 10. Bf4 Bc5 11. Nb3 Ba7 12. Bg3 h5 13. h3 h4 14. Bf4
Nxf2 15. Rxf2 Bxf2+ 16. Kxf2 Qf6 17. Ke3 Ng6 18. Qg4 e5 19. Bg5 Qb6+ 20. c5
Qc7 21. Nd5 Qc6 22. Qf3 d6 23. cxd6 Qxd6 24. Rc1 Be6 25. Nc7+ Kf8 26. Nxa8
f6 27. Ke2 Kg8 28. Be3 Kf7 29. Nb6 Rd8 30. Nd5 Bxd5 31. exd5 Nf4+ 32. Bxf4
exf4 33. Bc4 Re8+ 34. Kf2 Re3 35. Qg4 Qb6 36. Qe6+ Rxe6+ 37. Kf3 Qe3+ 38.
Kg4 f5+ 39. Kxh4 Rh6+ 40. Kg5 Qg3+ 41. Kxf5 Rh5+ {White resigns} 0-1

[Event "ICC Open 2015"]
[Site "Internet Chess Club"]
[Date "2015.05.30"]
[Round "10"]
[White "Bagelhead"]
[Black "sahilmd"]
[Result "0-1"]
[ICCResult "White checkmated"]
[WhiteElo "2329"]
[BlackElo "2077"]
[Opening "Sicilian: accelerated fianchetto, Maróczy bind, 5...Bg7"]
[ECO "B37"]
[NIC "SI.43"]
[Time "20:36:59"]
[TimeControl "180+0"]

1. e4 c5 2. Nf3 g6 3. d4 cxd4 4. Nxd4 Bg7 5. c4 Nc6 6. Nc2 Nf6 7. Nc3 O-O 8.
Be2 d6 9. O-O Be6 10. Bd2 a6 11. a3 Nd7 12. b4 Rc8 13. Rc1 Nce5 14. c5 dxc5
15. f4 Nc4 16. f5 Nxd2 17. Qxd2 Bb3 18. Na1 cxb4 19. axb4 Rxc3 20. Rxc3 Bxc3
21. Qxc3 Ba4 22. Bc4 Qb6+ 23. Kh1 Qf6 24. Qa3 Qc6 25. Bd5 Qb5 26. Qf3 Nf6
27. fxg6 hxg6 28. Ba2 Qe5 29. Re1 Kg7 30. Nb3 Rd8 31. Nc5 Bc6 32. h3 b6 33.
Nd3 Qc3 34. Rd1 Bxe4 35. Qe3 Rxd3 36. Rxd3 Qxd3 37. Qf2 Qc2 38. Qxc2 Bxc2
39. Bc4 b5 40. Be2 Nd5 41. Bf3 Nxb4 42. Kg1 a5 43. Kf2 a4 44. Ke1 a3 45. Kd2
a2 46. Kc3 a1=Q+ 47. Kxb4 Qb2+ 48. Ka5 b4 49. Kb6 b3 50. Ka7 Qa3+ 51. Kb8 b2
52. Bb7 b1=Q 53. g4 Qd6+ 54. Ka8 Qa2+ 55. Ba6 Be4+ 56. Ka7 Qf2#
{White checkmated}
0-1

[Event "ICC Open 2015"]
[Site "Internet Chess Club"]
[Date "2015.05.30"]
[Round "10"]
[White "QuieroAprender"]
[Black "orak"]
[Result "0-1"]
[ICCResult "White forfeits on time"]
[WhiteElo "1481"]
[BlackElo "1617"]
[Opening "Alekhine's defense: exchange variation"]
[ECO "B02"]
[NIC "AL.08"]
[Time "20:36:18"]
[TimeControl "180+0"]

1. e4 Nf6 2. e5 Nd5 3. c4 Nb6 4. d4 d6 5. exd6 exd6 6. Nf3 Bg4 7. Nbd2 Be7
8. b3 Nc6 9. Bb2 Bf6 10. d5 Bxb2 11. Rb1 Qe7+ 12. Be2 Nb4 13. Rxb2 Nd3+ 14.
Kf1 Nxb2 15. Qc2 Qf6 16. Ne4 Qg6 17. h3 Bf5 18. Nh4 Bxe4 19. Qxb2 Qf6 20.
Qxf6 gxf6 21. f3 Bg6 22. g4 O-O-O 23. Ng2 Rde8 24. h4 h5 25. Nf4 hxg4 26.
fxg4 Be4 27. Rh2 Nd7 28. h5 Ne5 29. Kf2 Reg8 30. Kg3 f5 31. Rh4 fxg4 32.
Bxg4+ Nxg4 33. Rxg4 f5 34. Rxg8+ Rxg8+ 35. Kh4 Rg4+ {White forfeits on time}
0-1

[Event "ICC Open 2015"]
[Site "Internet Chess Club"]
[Date "2015.05.30"]
[Round "10"]
[White "PADILLON2189"]
[Black "fviana"]
[Result "0-1"]
[ICCResult "White resigns"]
[WhiteElo "2047"]
[BlackElo "2357"]
[Opening "Bogo-Indian defense"]
[ECO "E11"]
[NIC "QI.01"]
[Time "20:36:37"]
[TimeControl "180+0"]

1. d4 Nf6 2. c4 e6 3. Nf3 Bb4+ 4. Bd2 Be7 5. Nc3 d5 6. cxd5 exd5 7. Bg5 c6
8. e3 a5 9. Qc2 Na6 10. a3 O-O 11. Bd3 g6 12. h4 Re8 13. Ne5 Ng4 14. Bxe7
Qxe7 15. Nxg4 Bxg4 16. Be2 Bxe2 17. Qxe2 Nc7 18. h5 Ne6 19. O-O-O b5 20.
hxg6 hxg6 21. a4 bxa4 22. Nxa4 Qb4 23. Qc2 Rec8 24. Kb1 Rab8 25. Nc5 Nxc5
26. dxc5 a4 27. Rd4 Qb5 28. Rxa4 Ra8 29. Rxa8 Rxa8 30. Qc3 f6 31. Qc2 Kg7
32. Rd1 Qa5 33. Kc1 Qb4 34. Rd4 Ra1+ {White resigns} 0-1

[Event "ICC Open 2015"]
[Site "Internet Chess Club"]
[Date "2015.05.30"]
[Round "10"]
[White "truufseir"]
[Black "Cinzento"]
[Result "1-0"]
[ICCResult "Black resigns"]
[WhiteElo "1669"]
[BlackElo "1774"]
[Opening "Sicilian: Taimanov (Bastrikov) variation"]
[ECO "B47"]
[NIC "SI.40"]
[Time "20:36:29"]
[TimeControl "180+0"]

1. e4 c5 2. Nf3 Nc6 3. d4 cxd4 4. Nxd4 e6 5. Nc3 Qc7 6. Bb5 a6 7. Ba4 Nf6 8.
O-O b5 9. Bb3 b4 10. Na4 Nxe4 11. Re1 Nc5 12. Nf5 Nxb3 13. axb3 g6 14. Nh6
d6 15. Qf3 Bb7 16. Qf6 Bxh6 17. Qxh8+ Ke7 18. Qxh7 Bxc1 19. Raxc1 Ne5 20.
Qh4+ Kf8 21. Qxb4 Kg7 22. Qd4 Qc6 23. f3 Rh8 24. Nc3 Kg8 25. Ne4 f5 26. Qxd6
fxe4 27. Qxe5 exf3 28. Qxe6+ Qxe6 29. Rxe6 fxg2 30. Re8+ Kg7 31. Re7+
{Black resigns}
1-0

[Event "ICC Open 2015"]
[Site "Internet Chess Club"]
[Date "2015.05.30"]
[Round "10"]
[White "iragefree"]
[Black "Muad-dib"]
[Result "0-1"]
[ICCResult "White checkmated"]
[WhiteElo "1843"]
[BlackElo "1976"]
[Opening "King's Indian: Petrosian system, Stein variation"]
[ECO "E92"]
[NIC "KI.17"]
[Time "20:36:35"]
[TimeControl "180+0"]

1. d4 Nf6 2. c4 d6 3. Nc3 g6 4. e4 Bg7 5. Be2 O-O 6. Nf3 e5 7. d5 a5 8. Bg5
Na6 9. Nd2 h6 10. Bh4 g5 11. Bg3 Nc5 12. f3 Nh5 13. Bf2 Nf4 14. O-O h5 15.
b3 h4 16. a3 b6 17. b4 axb4 18. axb4 Rxa1 19. Qxa1 Nb7 20. Nb3 f5 21. c5
bxc5 22. bxc5 g4 23. exf5 Bxf5 24. fxg4 Qg5 25. h3 Bg6 26. Bf3 Nxc5 27. Nxc5
dxc5 28. Bxc5 Rf7 29. Ne4 Bxe4 30. Bxe4 Ne2+ 31. Kh2 Ng3 32. Rxf7 Kxf7 33.
Qe1 Qf4 34. Kg1 Nxe4 35. Be3 Qg3 36. Qxg3 Nxg3 37. Kf2 Bf6 38. g5 Be7 39.
Kf3 Kg6 40. Kg4 Ne4 41. Kxh4 Bxg5+ 42. Bxg5 Nxg5 43. Kg4 Kf6 44. h4 Ne4 45.
h5 Nd6 46. Kh4 Nf7 47. g4 Ng5 48. Kg3 Nf7 49. Kf3 Kg5 50. Ke4 Kxg4 51. d6
cxd6 52. h6 Nxh6 53. Kd5 Kf3 54. Kxd6 e4 55. Ke5 e3 56. Kf6 e2 57. Kg6 e1=Q
58. Kxh6 Qe5 59. Kg6 Kf4 60. Kf7 Qd6 61. Ke8 Qc7 62. Kf8 Kf5 63. Kg8 Kf6 64.
Kh8 Qg7# {White checkmated} 0-1

[Event "ICC Open 2015"]
[Site "Internet Chess Club"]
[Date "2015.05.30"]
[Round "10"]
[White "yellow"]
[Black "JRussell2"]
[Result "1-0"]
[ICCResult "Black resigns"]
[WhiteElo "1501"]
[BlackElo "1216"]
[Opening "Queen's gambit accepted"]
[ECO "D20"]
[NIC "QG.03"]
[Time "20:37:12"]
[TimeControl "180+0"]

1. d4 d5 2. c4 dxc4 3. e3 c5 4. d5 Nf6 5. Bxc4 e6 6. Nc3 exd5 7. Nxd5 Nxd5
8. Bxd5 Be6 9. Qa4+ Nc6 10. Bxc6+ bxc6 11. Qxc6+ Bd7 12. Qe4+ Be7 13. Nf3
O-O 14. O-O Re8 15. Rd1 Bf6 16. Qd3 Re7 17. Rb1 Qb6 18. b3 Bc6 19. Qe2 Bxf3
20. Qxf3 Rd8 21. Ba3 Ree8 22. h3 h6 23. Qf5 Qa6 24. Qxc5 Rxd1+ 25. Rxd1 Be7
26. Qc4 Bxa3 27. Qxa6 {Black resigns} 1-0

[Event "ICC Open 2015"]
[Site "Internet Chess Club"]
[Date "2015.05.30"]
[Round "10"]
[White "QuintilianoR"]
[Black "ural"]
[Result "0-1"]
[ICCResult "White resigns"]
[WhiteElo "2549"]
[BlackElo "2393"]
[Opening "QGA: Alekhine defense"]
[ECO "D21"]
[NIC "QG.05"]
[Time "20:37:24"]
[TimeControl "180+0"]

1. d4 d5 2. c4 dxc4 3. Nf3 a6 4. a4 Nc6 5. e3 Be6 6. e4 Bg4 7. Be3 Bxf3 8.
gxf3 e5 9. d5 Na5 10. Nd2 Bb4 11. Qc2 b5 12. Rg1 g6 13. Kd1 Bxd2 14. Bxd2
Nb3 15. Ra3 Nxd2 16. Qxd2 Nf6 17. b3 Rb8 18. axb5 axb5 19. Qb4 Qd6 20. Qxd6
cxd6 21. bxc4 bxc4 22. Bxc4 O-O 23. Ra1 Rfc8 24. Bd3 Nh5 25. Rb1 Nf4 26.
Rxb8 Rxb8 27. Bc2 Nh3 28. Rf1 Kg7 29. Kd2 Ra8 30. Ke3 Ra3+ 31. Bd3 Nf4 32.
Rd1 Kf6 33. h4 g5 34. hxg5+ Kxg5 35. Rd2 h5 36. Rd1 Kh6 37. Rd2 h4 38. Rd1
h3 {White resigns} 0-1

[Event "ICC Open 2015"]
[Site "Internet Chess Club"]
[Date "2015.05.30"]
[Round "10"]
[White "paulohaddad"]
[Black "blackjack721"]
[Result "1-0"]
[ICCResult "Black forfeits on time"]
[WhiteElo "1726"]
[BlackElo "1451"]
[Opening "Queen's pawn"]
[ECO "A40"]
[NIC "QO.17"]
[Time "20:36:15"]
[TimeControl "180+0"]

1. d4 e6 2. Nf3 d5 3. Bf4 c6 4. e3 Qb6 5. b3 Nf6 6. Bd3 Be7 7. O-O Bd7 8.
Ne5 Na6 9. Nd2 Nb4 10. Ndf3 Ne4 11. Nxd7 Kxd7 12. Ne5+ Ke8 13. Bxe4 dxe4 14.
c4 Bf6 15. a3 Bxe5 16. Bxe5 Nd3 17. Bd6 e5 18. c5 Qd8 19. Qg4 Qf6 20. Qxe4
Nb2 21. Bxe5 Qg6 22. Qxg6 hxg6 23. Bxg7 Rh5 24. d5 cxd5 25. Bxb2 Rd8 26.
Rad1 Rd7 27. Rfe1 f5 28. b4 g5 29. h3 g4 30. hxg4 fxg4 31. Rd4 Rdh7 32. Kf1
Rh1+ 33. Ke2 Rxe1+ 34. Kxe1 Rh1+ 35. Kd2 Rg1 36. g3 Rb1 37. Kc2 Rf1 38. Rf4
Kd7 39. Bd4 Kc6 40. Kd2 {Black forfeits on time} 1-0

[Event "ICC Open 2015"]
[Site "Internet Chess Club"]
[Date "2015.05.30"]
[Round "10"]
[White "jewels2"]
[Black "lemanofzorn"]
[Result "0-1"]
[ICCResult "White forfeits on time"]
[WhiteElo "1352"]
[BlackElo "1448"]
[Opening "QGD Slav: Steiner variation"]
[ECO "D16"]
[NIC "SL.03"]
[Time "20:36:54"]
[TimeControl "180+0"]

1. d4 d5 2. c4 c6 3. Nc3 Nf6 4. Nf3 dxc4 5. a4 Bg4 6. Ne5 e6 7. Bg5 Bf5 8.
Nxc4 Bb4 9. Qb3 Bxc3+ 10. bxc3 b6 11. a5 O-O 12. axb6 Nbd7 13. Rxa7 Nxb6 14.
Rxa8 Nxa8 15. e3 Qc7 16. Qa3 Rb8 17. Bf4 Rb1+ 18. Kd2 Qb7 19. h3 Nd5 20. f3
Ndb6 21. Nxb6 Nxb6 22. e4 Bg6 23. Ba6 Rb2+ 24. Qxb2 Nc4+ 25. Bxc4 Qxb2+ 26.
Kd3 h6 27. Bc1 Qxg2 28. Re1 Qxf3+ 29. Re3 Bxe4+ 30. Kd2 Qg2+ 31. Be2 Bf5
{White forfeits on time}
0-1

[Event "ICC Open 2015"]
[Site "Internet Chess Club"]
[Date "2015.05.30"]
[Round "10"]
[White "TravisMcGee"]
[Black "Yummyhat"]
[Result "1-0"]
[ICCResult "Black forfeits on time"]
[WhiteElo "1628"]
[BlackElo "1758"]
[Opening "Queen's pawn: London system"]
[ECO "A45"]
[NIC "QP.07"]
[Time "20:36:29"]
[TimeControl "180+0"]

1. d4 Nf6 2. Bf4 d5 3. e3 c5 4. c3 Nc6 5. Bd3 e6 6. h3 Bd6 7. Nf3 O-O 8.
Nbd2 Bxf4 9. exf4 cxd4 10. cxd4 Qb6 11. Nb3 a5 12. a4 Nb4 13. Bb1 Bd7 14.
O-O Ne4 15. Ne5 Rfd8 16. Kh1 Rac8 17. f3 Nf6 18. Nc5 Na6 19. Nexd7 Nxd7 20.
Qd3 g6 21. Nxa6 bxa6 22. Ba2 Rc7 23. Rab1 Rdc8 24. Rf2 Rc1+ 25. Rxc1 Rxc1+
26. Kh2 Nb8 27. Rc2 Rxc2 28. Qxc2 Qc6 29. Bb1 Qxc2 30. Bxc2 Nc6 31. Bd3 Nxd4
32. Bxa6 Ne2 33. b4 axb4 34. a5 Nd4 35. Bd3 Nc6 36. a6 Kg7 37. Bb5 Na7 38.
Bd3 Kf6 39. Kg3 Ke7 40. Kg4 Kd6 41. Kg5 f6+ 42. Kh6 e5 43. Kxh7 f5 44. Kxg6
e4 45. fxe4 dxe4 46. Be2 e3 47. Kxf5 b3 48. Bd3 b2 49. Bb1
{Black forfeits on time}
1-0

[Event "ICC Open 2015"]
[Site "Internet Chess Club"]
[Date "2015.05.30"]
[Round "10"]
[White "supermouse"]
[Black "Spirals"]
[Result "0-1"]
[ICCResult "White checkmated"]
[WhiteElo "2666"]
[BlackElo "2222"]
[Opening "Réti opening"]
[ECO "A06"]
[NIC "QP.09"]
[Time "20:36:25"]
[TimeControl "180+0"]

1. Nf3 d5 2. e3 Nf6 3. c4 c6 4. b3 g6 5. Bb2 Bg7 6. Be2 O-O 7. O-O Nbd7 8.
d4 e6 9. Ba3 Re8 10. Nc3 b6 11. Rc1 Bb7 12. Bd3 Rc8 13. Qe2 dxc4 14. Bxc4 b5
15. Bd3 a5 16. Ne4 b4 17. Bb2 Nxe4 18. Bxe4 Qb6 19. Rfd1 c5 20. Bxb7 Qxb7
21. dxc5 Nxc5 22. Bxg7 Kxg7 23. Qb2+ Kg8 24. h4 Ne4 25. Rxc8 Qxc8 26. Qe5
Nc3 27. Rd6 Qa8 28. h5 Qe4 29. Qxa5 Qb1+ 30. Kh2 Qxa2 31. Qxb4 Nd5 32. Qh4
Qxb3 33. hxg6 hxg6 34. Ng5 Nf6 35. g3 Qb2 36. Qf4 Kg7 37. Rd4 e5 38. Rb4 Qe2
39. Qf3 Qe1 40. Kg2 Qxb4 41. Qc6 Qe7 42. Qc4 e4 43. Nh3 Qe6 44. Qd4 Qg4 45.
Nf4 Qf3+ 46. Kg1 Rh8 47. Nh3 Rxh3 48. g4 Rh1# {White checkmated} 0-1

[Event "ICC Open 2015"]
[Site "Internet Chess Club"]
[Date "2015.05.30"]
[Round "10"]
[White "a-man"]
[Black "franco"]
[Result "1-0"]
[ICCResult "Black forfeits on time"]
[WhiteElo "1417"]
[BlackElo "1258"]
[Opening "Ruy Lopez: old Steinitz defense"]
[ECO "C62"]
[NIC "RL.02"]
[Time "20:36:40"]
[TimeControl "180+0"]

1. e4 e5 2. Nf3 Nc6 3. Bb5 d6 4. d4 exd4 5. Nxd4 Bd7 6. O-O Nf6 7. Nc3 Be7
8. Nxc6 bxc6 9. Bc4 O-O 10. Bg5 h6 11. Bh4 Nh7 12. Bxe7 Qxe7 13. Qf3 Nf6 14.
Bd3 Rfe8 15. Rfe1 Qe5 16. Qg3 Qxg3 17. fxg3 Re7 18. Re2 Rae8 19. Rae1 Ng4
20. h3 Ne5 21. Kf2 Nxd3+ 22. cxd3 Be6 23. b3 Kf8 24. e5 dxe5 25. Rxe5 Bd7
26. Rxe7 Rxe7 27. Rxe7 Kxe7 28. Ke3 Kd6 29. Ke4 g6 30. Kd4 Bf5 31. Ne4+ Ke6
32. Nc5+ Kd6 33. Nb7+ Kd7 34. Nc5+ Kd6 35. Ne4+ Ke7 36. Kc5 Bd7 37. d4 Ke6
38. Nc3 f5 39. d5+ cxd5 40. Nxd5 c6 41. Nc7+ Ke5 42. Na6 g5 43. a4 f4 44. g4
Ke4 45. b4 f3 46. gxf3+ Kxf3 47. b5 cxb5 48. axb5 Bc8 49. Kc6 Kg3 50. Kc7
Bxa6 51. bxa6 Kxh3 52. Kb7 Kxg4 53. Kxa7 h5 54. Kb6 h4 55. a7 h3 56. a8=Q h2
57. Qh1 Kg3 58. Kc5 Kh3 59. Kd4 g4 60. Kd3 g3 61. Qf1+ Kh4 62. Qh1 Kh3 63.
Ke2 g2 64. Qa1 h1=Q 65. Qa3+ Kh2 66. Qf8 {Black forfeits on time} 1-0

[Event "ICC Open 2015"]
[Site "Internet Chess Club"]
[Date "2015.05.30"]
[Round "10"]
[White "paulleon"]
[Black "EddieBarber"]
[Result "1-0"]
[ICCResult "Black checkmated"]
[WhiteElo "2099"]
[BlackElo "1865"]
[Opening "Benoni: four pawns attack"]
[ECO "A68"]
[NIC "BI.31"]
[Time "20:37:01"]
[TimeControl "180+0"]

1. d4 Nf6 2. c4 c5 3. d5 e6 4. Nc3 exd5 5. cxd5 d6 6. e4 g6 7. f4 Bg7 8. Nf3
O-O 9. Bd3 b5 10. Bxb5 Nxe4 11. Nxe4 Qa5+ 12. Nc3 Bxc3+ 13. bxc3 Qxb5 14.
Be3 Ba6 15. Kf2 Nd7 16. Re1 Nf6 17. Kg1 Ng4 18. h3 Nxe3 19. Rxe3 Rfe8 20.
Qd2 Rxe3 21. Qxe3 Re8 22. c4 Rxe3 23. cxb5 Bxb5 24. Rb1 a6 25. a4 Bxa4 26.
Rb6 Bb5 27. Rxd6 Rd3 28. Rd8+ Kg7 29. Ne5 Rd2 30. d6 f6 31. Ng4 c4 32. Ne3
c3 33. Rc8 Rxd6 34. Rxc3 Rd3 35. Rc7+ Rd7 36. Rc8 Ra7 37. Nd5 a5 38. Rc3 Bc4
39. Rxc4 a4 40. Rc2 a3 41. Ra2 Ra5 42. Nc3 Kh6 43. Kf2 g5 44. fxg5+ fxg5 45.
Nb1 Rf5+ 46. Kg1 Rb5 47. Nxa3 Ra5 48. Ra1 Kh5 49. Nc2 Rc5 50. Ne3 h6 51. Ra6
Rc3 52. Kf2 Rb3 53. g4+ Kh4 54. Rxh6# {Black checkmated} 1-0

[Event "ICC Open 2015"]
[Site "Internet Chess Club"]
[Date "2015.05.30"]
[Round "10"]
[White "Schack"]
[Black "TheLoneKing1"]
[Result "1-0"]
[ICCResult "Black checkmated"]
[WhiteElo "1695"]
[BlackElo "1839"]
[Opening "Trompowsky attack (Ruth, Opocenský opening)"]
[ECO "A45"]
[NIC "QP.07"]
[Time "20:36:57"]
[TimeControl "180+0"]

1. d4 Nf6 2. Bg5 d5 3. e3 Bg4 4. f3 Bf5 5. Bd3 Bg6 6. Ne2 Nbd7 7. Nbc3 c6 8.
O-O e5 9. Bxg6 hxg6 10. dxe5 Nxe5 11. Nf4 Bc5 12. Qd2 Qb6 13. Rae1 O-O-O 14.
Kh1 Qxb2 15. Rb1 Qa3 16. Rb3 Qa5 17. Rfb1 b6 18. Qe2 Nc4 19. e4 d4 20. Bxf6
gxf6 21. Qxc4 dxc3 22. Rxc3 Rd7 23. Rd3 Rxd3 24. Qxd3 Qxa2 25. Rd1 Kb7 26.
Qd7+ Ka6 27. Qxc6 Rd8 28. Rf1 Qxc2 29. Nd5 Qa2 30. Nc7+ Ka5 31. Qb5#
{Black checkmated}
1-0

[Event "ICC Open 2015"]
[Site "Internet Chess Club"]
[Date "2015.05.30"]
[Round "10"]
[White "Dark-Magician"]
[Black "saya"]
[Result "1-0"]
[ICCResult "Black resigns"]
[WhiteElo "2410"]
[BlackElo "2594"]
[Opening "QGD: exchange, positional line, 5...c6"]
[ECO "D35"]
[NIC "QO.16"]
[Time "20:36:56"]
[TimeControl "180+0"]

1. d4 Nf6 2. c4 e6 3. Nc3 d5 4. cxd5 exd5 5. Bg5 c6 6. e3 Be7 7. Qc2 Nbd7 8.
Bd3 h6 9. Bh4 Nh5 10. Bxe7 Qxe7 11. Nge2 Nb6 12. O-O Nf6 13. Rae1 O-O 14.
Ng3 Bd7 15. f3 Rfe8 16. e4 dxe4 17. fxe4 Qb4 18. Qf2 Be6 19. a3 Qe7 20. e5
Nfd5 21. Nce4 Nd7 22. Nd6 Red8 23. Nxb7 Rdb8 24. Nd6 c5 25. Ngf5 Qg5 26. h4
Qd8 27. dxc5 a5 28. Qd4 Qc7 29. Rc1 Nf8 30. Be4 Ne7 31. Nxe7+ Qxe7 32. Bxa8
Rxa8 33. b4 axb4 34. axb4 Ng6 35. h5 Nh4 36. Qf4 Ra2 37. Rf2 Ra4 38. c6 Qa7
39. Qxh4 Qe3 40. Qf4 Qa3 41. c7 Rxb4 42. c8=Q+ Bxc8 43. Qxf7+ Kh7 44. Qg6+
{Black resigns}
1-0

[Event "ICC Open 2015"]
[Site "Internet Chess Club"]
[Date "2015.05.30"]
[Round "10"]
[White "chessrex"]
[Black "ro9991"]
[Result "1-0"]
[ICCResult "Black forfeits on time"]
[WhiteElo "2124"]
[BlackElo "1955"]
[Opening "Blackmar gambit"]
[ECO "D00"]
[NIC "QP.08"]
[Time "20:36:39"]
[TimeControl "180+0"]

1. d4 d5 2. e4 dxe4 3. Nc3 Nf6 4. f3 exf3 5. Nxf3 g6 6. Bc4 Bg7 7. O-O O-O
8. h3 Nbd7 9. Qe1 c5 10. dxc5 Nxc5 11. Qh4 Be6 12. Be2 Nd5 13. Bh6 Nxc3 14.
bxc3 f6 15. Nd4 Bf7 16. Bxg7 Kxg7 17. Qg3 Kh8 18. h4 e5 19. Nf3 Ne6 20. Rad1
Qb6+ 21. Kh2 Nf4 22. Rfe1 h5 23. Bd3 Kg7 24. Re4 Rac8 25. Ng1 Rxc3 26. Nh3
Nxd3 27. cxd3 Rd8 28. Re3 Rd4 29. Nf2 Bd5 30. Rf1 Qd6 31. Ne4 Bxe4 32. dxe4
Rc2 33. Rf2 Rdd2 34. Ref3 Rxf2 35. Rxf2 Rxf2 36. Qxf2 Qd4 37. Qc2 g5 38.
hxg5 fxg5 39. Qc7+ Kg6 40. Qxb7 g4 41. Qe7 Qf2 42. Qe6+ Kg5 43. Qxe5+ Kg6
44. Qe6+ Kg5 45. Qg8+ Kf4 46. Qf7+ Ke3 47. Qb3+ Kf4 48. Qb8+ Kg5 49. Qe5+
Kg6 50. Qe8+ Kg5 51. Qg8+ Kh6 52. Qh8+ Kg6 53. Qe8+ Kh6 54. Qe6+
{Black forfeits on time}
1-0